 Dungeon Crawl Stone Soup version 0.27.1-33-g824d729ab1 (webtiles) character file.

Game seed: 15888555392378607898

92 alasdair19 the Covered (level 4, -10/40 HPs)
             Began as a Minotaur Fighter on Dec 9, 2021.
             Killed by nerve-wracking pain
             ... invoked by an orc priest
              (12 damage)
             ... on level 3 of the Dungeon.
             The game lasted 00:03:37 (1438 turns).

alasdair19 the Covered (Minotaur Fighter)           Turns: 1438, Time: 00:03:38

Health: -10/40     AC: 11    Str: 21    XL:     4   Next: 35%
Magic:  3/3        EV:  7    Int:  6    God:
Gold:   86         SH:  9    Dex:  9    Spells: 3/3 levels left

rFire    . . .     SeeInvis .   a - +0 long sword
rCold    . . .     Faith    .   c - +0 kite shield
rNeg     . . .     Spirit   .   b - +0 scale mail
rPois    .         Reflect  .   (helmet restricted)
rElec    .         Harm     .   (no cloak)
rCorr    .         Rampage  .   e - +2 pair of gloves
Will     .....                  j - +0 pair of boots
Stlth    ..........             (no amulet)
HPRegen  0.13/turn              (no ring)
MPRegen  0.08/turn              (no ring)

@: no status effects
A: horns 2, retaliatory headbutt
a: no special abilities


You were on level 3 of the Dungeon.
You visited 1 branch of the dungeon, and saw 3 of its levels.

You collected 86 gold pieces.

Inventory:

Hand Weapons
 a - a +0 long sword (weapon)
Missiles
 f - 5 boomerangs
 h - 11 poisoned darts (quivered)
Armour
 b - a +0 scale mail (worn)
 c - a +0 kite shield (worn)
 e - a +2 pair of gloves (worn)
 j - a +0 pair of boots (worn)
Scrolls
 g - a scroll of acquirement {unknown}
 k - a scroll of fog {unknown}
Potions
 d - a potion of might


   Skills:
 + Level 4.1 Fighting
 + Level 3.3 Long Blades
 * Level 1.5 Throwing
 + Level 4.5 Armour
 + Level 4.2 Shields


You had 3 spell levels left.
You didn't know any spells.
Your spell library contained the following spells:

 Spells                   Type           Power      Damage    Failure   Level
 Apportation              Tloc           0%         N/A       99%         1


Dungeon Overview and Level Annotations

Branches:
Dungeon (3/15)

Altars:
Qazlal


Innate Abilities, Weirdness & Mutations

You have a pair of horns on your head.
You reflexively headbutt those who attack you in melee.


Message History

Throw: 12 darts (poison)
Press: ? - help, Q - select action, (/) - cycle Shift-Dir - straight line, f/p - orc priest
Aim: an orc priest, wielding a +0 dagger and wearing a +3 leather armour (56% to hit)
You throw a poisoned dart.
The poisoned dart closely misses the orc priest.
The orc priest mumbles some strange prayers to Beogh against you.
Beogh smites you!
Items here: ( ))) [ ††.
You hit the orc priest but do no damage.
The orc priest barely misses you. You furiously retaliate!
You headbutt the orc priest, but do no damage.
You barely miss the orc priest.
The orc priest hits you but does no damage.
The orc priest mumbles some strange prayers to Beogh against you.
Beogh smites you!
You hit the orc priest.
The orc priest is moderately wounded.
You block the orc priest's attack.
You closely miss the orc priest.
The orc priest is moderately wounded.
You block the orc priest's attack.
The orc priest hits you with a +0 dagger.
Your shield and scale mail prevent you from hitting the orc priest.
The orc priest is moderately wounded.
The orc priest looks satisfied for a moment.
You closely miss the orc priest. You headbutt the orc priest!
The orc priest is almost dead.
The orc priest hits you but does no damage.
You closely miss the orc priest.
The orc priest is almost dead.
You block the orc priest's attack.
The orc priest invokes the aid of Beogh against you.
Beogh smites you!
* * * LOW HITPOINT WARNING * * *
Your shield and scale mail prevent you from hitting the orc priest.
Your headbutt misses the orc priest.
The orc priest is almost dead.
The orc priest invokes the aid of Beogh against you.
Pain shoots through your body!
You die...

#.....[......... ..(...
##............... .....
..........§..≈§.§ ....
..........≈≈≈§≈ ...
#.......§≈§≈≈≈ o.
##......≈≈≈≈§≈ #.
###.......≈≈._§≈
######(###)..##...§≈≈.>§§
......(o@..#####..§§§≈≈≈§
#####..##### #.≈≈≈§≈≈≈§
#...# ##...§.§≈§≈ #...##
###...§≈≈§... ..#
.....≈.§..§... .
####...§§§§...
#.......... ###########


You could see an orc priest.

Vanquished Creatures
  A jelly (D:2)
  2 adders
  A worm (D:2)
  A dart slug (D:2)
  3 orcs
  6 endoplasms
  5 goblins
  2 hobgoblins
  A quokka (D:2)
  A ball python (D:2)
  A bat (D:2)
  A frilled lizard (D:1)
  6 kobolds
  A rat (D:2)
32 creatures vanquished.

Notes
Turn   | Place    | Note
-------+----------+-------------------------------------------
     0 | D:1      | alasdair19 the Minotaur Fighter began the quest for the
                  | Orb.
     0 | D:1      | Reached XP level 1. HP: 19/19 MP: 0/0
    78 | D:1      | Found a faded altar of an unknown god.
    83 | D:1      | Got Plato's Guide on the Voyage
   592 | D:2      | Reached XP level 2. HP: 26/27 MP: 1/1
   889 | D:2      | Reached skill level 1 in Throwing
   889 | D:2      | Reached XP level 3. HP: 28/33 MP: 2/2
  1029 | D:2      | Reached XP level 4. HP: 40/40 MP: 3/3
  1355 | D:3      | Found a stormy altar of Qazlal.
  1437 | D:3      | HP: 2/40 [orc priest/divine providence (11)]
  1438 | D:3      | Killed from afar by an orc priest

Illustrated notes

Levels and vault maps discovered:
D:1:      dpeg_arrival_stonehenge_8_columns, layout_basic,
          shapermc_ecumenical_altar_rom_forum
D:2:      layout_basic
D:3:      layout_rooms, okawaru_metal_pillars_3,
          nicolae_qazlal_general_emergency, serial_park_tiny_2, minmay_puff

Skill      XL: |  1  2 |
---------------+-------+-----
Armour         | 4 |  4.5
Fighting       | 4 |  4.1
Long Blades    | 3 |  3.3
Throwing       | 1 |  1.5
Shields        | 4 |  4.2

Action                   |  1- 3 |  4- 6 || total
-------------------------+-------+-------++-------
Melee: Long sword        |    49 |    24 ||    73
       Headbutt          |    13 |     2 ||    15
Throw: Dart              |       |     7 ||     7
  Use: Scroll            |     2 |       ||     2
Armor: Scale mail        |    26 |     9 ||    35
Dodge: Dodged            |    22 |     6 ||    28
Block: Kite shield       |    21 |    10 ||    31
       Rpst.: Long sword |     7 |     1 ||     8
